AoeStats
← Bzurker

Fortress

510170274Analyzed
4v4 RM · 3d ago on Sep 29, 2026· 19m 46s· 8 players
Game mode
Random Map
Map size
Huge
Population
200
Speed
Normal
Resources
Standard
Victory
Conquest
Starting age
Dark Age
Ending age
Imperial Age
RankedLock teamsTeams togetherTeam positionsShared explorationLock speedFull tech treeHidden civsTurbo modeCheats
Victory
Defeat
🇩🇪 Danes · Germany
972
+18
🇳🇱 Saxons · Netherlands
944
+19
🇺🇸 Varangians · United States
937
+19
🇳🇱 Cumans · Netherlands
932
+18
🇹🇷 Turks · Türkiye
1015
-20
🇦🇷 Byzantines · Argentina
1000
-18
🇫🇷 Goths · France
999
-18
🇳🇱 Teutons · Netherlands
998
-18
Donald
taisho84
7:37 Feudal Age
9:28 Double-Bit Axe
9:24 Horse Collar
13:22 Castle Age
16:58 Bow Saw
17:31 Heavy Plow
17:19 Loom
DOLAREX
7:14 Loom
9:00 Feudal Age
9:39 Horse Collar
9:50 Double-Bit Axe
13:26 Castle Age
13:01 Horse Collar
13:46 Gold Mining
18:23 Imperial Age
17:31 Gold Shaft Mining
Santy20
3:02 Loom
6:18 Feudal Age
15:12 Castle Age
13:06 Double-Bit Axe
13:03 Horse Collar
16:17 Wheelbarrow
shabolobodingdong
6:46 Loom
8:49 Feudal Age
12:50 Castle Age
12:13 Gold Mining
12:11 Double-Bit Axe
12:10 Horse Collar
17:41 Scale Barding Armor
19:04 Bow Saw
18:50 Stone Mining
Pepernoot
8:15 Feudal Age
10:16 Double-Bit Axe
12:37 Castle Age
13:33 Horse Collar
14:00 Capped Ram
16:46 Bow Saw
Bzurker
2:38 Loom
7:23 Feudal Age
10:51 Forging
13:10 Castle Age
11:24 Scale Mail Armor
11:49 Double-Bit Axe
11:47 Horse Collar
15:30 Wheelbarrow
LordEryn
1:20 Loom
6:48 Feudal Age
11:12 Castle Age
9:39 Double-Bit Axe
9:49 Gold Mining
11:04 Arson
11:15 Horse Collar
14:58 Bow Saw
16:59 Wheelbarrow
17:29 Heavy Plow
Connection lost

Rejoining the realm…

Still unreachable

The connection could not be restored.

Session expired

The server has moved on; the page needs a fresh start.